 Dungeon Crawl Stone Soup version 0.26.0-10-g1f06aea511 (webtiles) character file.

Game seed: 7163959861974430196

9195 funkygono the Destroyer (level 11, -4/80 HPs)
             Began as a Green Draconian Conjurer on Feb 3, 2021.
             Was an Elder of Sif Muna.
             Slain by a manticore (14 damage)
             ... on level 8 of the Dungeon.
             The game lasted 00:35:20 (13476 turns).

funkygono the Destroyer (Green Draconian Conjurer) Turns: 13476, Time: 00:35:20

Health: -4/80      AC: 10    Str: 10    XL:     11   Next: 19%
Magic:  27/34      EV: 16    Int: 22    God:    Sif Muna [****..]
Gold:   516        SH:  5    Dex:  9    Spells: 14/30 levels left

rFire    . . .     SeeInvis .   h - +2 whip (elec)
rCold    . . .     Faith    .   a - +2 buckler
rNeg     . . .     Spirit   .   (armour unavailable)
rPois    +         Reflect  .   (helmet restricted)
rElec    .         Harm     .   t - +2 cloak
rCorr    .         Rampage  .   (no gloves)
Will     .....                  (no boots)
Stlth    ++........             s - amulet of magic regeneration
HPRegen  0.23/turn              y - ring of magical power
MPRegen  0.49/turn              b - +4 ring of evasion

@: barbed spikes
A: breathe noxious fumes, unfitting armour, poison resistance, cold-blooded, AC
+7
a: Breathe Noxious Fumes, Renounce Religion, Channel Magic, Forget Spell, Divine
Exegesis


You were on level 8 of the Dungeon.
You worshipped Sif Muna.
Sif Muna was greatly pleased with you.
You visited 2 branches of the dungeon, and saw 11 of its levels.

You collected 516 gold pieces.

Inventory:

Hand Weapons
 h - a +2 whip of electrocution (weapon)
Missiles
 c - 200 stones
Armour
 a - a +2 buckler (worn)
 t - a +2 cloak (worn)
Jewellery
 b - a +4 ring of evasion (right hand)
 l - an uncursed ring of see invisible
 s - an amulet of magic regeneration (around neck)
 u - an uncursed ring of protection from fire
 w - an uncursed ring of positive energy
 y - a ring of magical power (left hand)
Wands
 n - a wand of polymorph (6)
 p - a wand of paralysis (4)
 r - a wand of disintegration (11)
 x - a wand of iceblast (19)
 A - a wand of random effects (22)
 C - a wand of acid (6)
 D - a wand of enslavement (6)
Scrolls
 d - 3 scrolls of fog
 g - 6 scrolls of teleportation
 j - 8 scrolls of remove curse
 z - 2 scrolls of amnesia
 B - a scroll of identify
 F - 2 scrolls of blinking
Potions
 e - a potion of resistance
 f - 8 potions of curing
 i - 2 potions of invisibility
 k - a potion of flight
 m - a potion of mutation
 o - 3 potions of might
 q - a potion of ambrosia
 v - a potion of heal wounds
 E - a potion of brilliance


   Skills:
 + Level 2.4 Fighting
 + Level 3.3 Maces & Flails
 + Level 4.1 Dodging
 + Level 3.3 Stealth
 + Level 0.4 Shields
 + Level 10.0 Spellcasting
 + Level 11.2 Conjurations
 + Level 4.2 Hexes
 * Level 3.4 Fire Magic


You had 14 spell levels left.
You knew the following spells:

 Your Spells              Type           Power        Failure   Level
a - Magic Dart            Conj           100%         1%          1
b - Searing Ray           Conj           100%         1%          2
c - Dazzling Flash        Conj/Hex       88%          1%          3
d - Fulminant Prism       Conj/Hex       22%          4%          4
e - Foxfire               Conj/Fire      100%         1%          1
f - Fireball              Conj/Fire      21%          13%         5

Your spell library contained the following spells:

 Spells                   Type           Power        Failure   Level
 Conjure Flame            Conj/Fire      43%          1%          3
 Sticky Flame             Conj/Fire      43%          4%          4
 Inner Flame              Hex/Fire       27%          6%          3
 Iskenderun's Mystic Bla  Conj/Tloc      35%          10%         4


Dungeon Overview and Level Annotations

Branches:
Dungeon (10/15)            Temple (1/1) D:5            Lair (0/6) D:8
    Orc (0/2) D:9

Altars:
Ashenzari
Cheibriados
Dithmenos
Elyvilon
Fedhas
Gozag
Hepliaklqana
Kikubaaqudgha
Makhleb
Nemelex Xobeh
Okawaru
Qazlal
Ru
Sif Muna
Trog
Uskayaw
Vehumet
Wu Jian
Xom
Yredelemnul
Zin
The Shining One

Shops:
D:7 :


Innate Abilities, Weirdness & Mutations

You can breathe blasts of noxious fumes.
Your lurid green scales are hard. (AC +7)
You cannot fit into any form of body armour.
Your system is resistant to poisons. (rPois)
You are cold-blooded and may be slowed by cold attacks.


Message History

The manticore is moderately wounded.
Casting: Foxfire (safe; 1% risk of failure)
Confirm with . or Enter, or press ? or * to list all spells.
Aiming: Searing Ray (safe; 1% risk of failure)
Press: ? - help, Shift-Dir - straight line, f - manticore
Aim: a manticore (moderately wounded, 10% to evade)
The searing ray hits the manticore!
The manticore is heavily wounded. (Press . to maintain the ray.) Unknown command.
The searing ray hits the manticore!
The manticore is severely wounded.
The manticore bites you!
* * * LOW HITPOINT WARNING * * *
The manticore completely misses you. The manticore claws you.
* * * LOW HITPOINT WARNING * * *
The searing ray hits the manticore!
The manticore is almost dead.
The manticore bites you!
You die...

##.....# ####### ###############
##..#######.....###..............
##..................#############
####.######.....#####8.......(Ocl
# #(## #.....# #.........#H. #
##..#####.....# #......(..#..
###.......####### #...(cH..8#.)
..#.......# #########'########
..#.......# #@)..#....# .
..#.......# #.H..#....# .
..####..### #..(.#....# H ..#
##.# #^...'(...# . ###
#.################## . #.......#
Z ####......# . # #.........# #
#.........#


You could see a manticore.

Vanquished Creatures
  2 two-headed ogres
  An unseen horror (D:7)
  Maurice (D:8)
  A gargoyle (D:10)
  A hornet (D:7)
  Sigmund (D:3)
  7 yaks
  2 steam dragons
  A warg (D:9)
  An acid dragon (D:8)
  Duvessa (D:6)
  4 sky beasts
  An eye of draining (D:9)
  3 orc warriors
  5 ogres
  An ice beast (D:10)
  3 centaurs
  2 big kobolds
  8 bullfrogs
  A gnoll sergeant (D:7)
  Dowan (D:6)
  A scorpion (D:9)
  8 killer bees
  9 wights
  2 howler monkeys
  2 centaur zombies
  5 hounds
  2 bullfrog zombies
  A jelly (D:8)
  A bullfrog skeleton (D:4)
  5 orc priests
  A centaur skeleton (D:4)
  2 iguanas (D:4)
  16 orc wizards
  7 worker ants
  2 hound skeletons
  A worker ant zombie (D:6)
  17 gnolls
  11 adders
  A howler monkey skeleton (D:7)
  4 shadow imps
  3 white imps
  An ufetubus (D:5)
  2 adder skeletons
  4 worms
  9 leopard geckos
  43 orcs
  7 bats
  10 giant cockroaches
  5 goblins
  9 hobgoblins
  19 jackals
  2 quokkas
  2 frilled lizards
  A giant cockroach zombie (D:5)
  A jackal zombie (D:7)
  12 kobolds
  A leopard gecko skeleton (D:6)
  2 leopard gecko zombies (D:5)
  A quokka skeleton (D:5)
  7 rats
287 creatures vanquished.

Vanquished Creatures (collateral kills)
  A killer bee (D:8)
1 creature vanquished.

Vanquished Creatures (others)
  An orc (D:6)
  176 foxfires
177 creatures vanquished.

Grand Total: 465 creatures vanquished

Notes
Turn   | Place    | Note
-------+----------+-------------------------------------------
     0 | D:1      | funkygono the Draconian Conjurer began the quest for the
                  | Orb.
     0 | D:1      | Reached XP level 1. HP: 14/14 MP: 3/3
   211 | D:1      | Reached XP level 2. HP: 2/20 MP: 0/5
   214 | D:1      | Learned a level 2 spell: Searing Ray
  1333 | D:2      | Reached XP level 3. HP: 26/26 MP: 0/6
  1715 | D:2      | Reached skill level 5 in Conjurations
  1832 | D:2      | Reached XP level 4. HP: 33/33 MP: 3/8
  2328 | D:3      | Noticed Sigmund
  2535 | D:3      | Killed Sigmund
  2536 | D:3      | Reached skill level 1 in Maces & Flails
  2536 | D:3      | Reached XP level 5. HP: 23/38 MP: 0/10
  2646 | D:3      | Reached XP level 6. HP: 36/45 MP: 8/11
  3205 | D:3      | Found a faded altar of an unknown god.
  3385 | D:4      | Reached skill level 6 in Conjurations
  3692 | D:4      | Noticed a sky beast
  3699 | D:4      | Killed a sky beast
  3810 | D:4      | Your scales start taking on a lurid green colour.
  3810 | D:4      | Reached XP level 7. HP: 45/50 MP: 7/13
  3810 | D:4      | Gained mutation: Your system is resistant to poisons.
                  | (rPois) [Green Draconian growth]
  3933 | D:4      | Learned a level 3 spell: Dazzling Flash
  3938 | D:4      | Learned a level 4 spell: Fulminant Prism
  4148 | D:4      | Reached skill level 5 in Spellcasting
  4641 | D:4      | Found a hazy altar of Hepliaklqana.
  4641 | D:4      | Found a glowing golden altar of the Shining One.
  4641 | D:4      | Found a shimmering altar of Xom.
  4641 | D:4      | Found a white marble altar of Elyvilon.
  4647 | D:4      | Found a radiant altar of Vehumet.
  4647 | D:4      | Found a hide-covered altar of Uskayaw.
  4741 | D:4      | Found a bloodstained altar of Trog.
  5237 | D:5      | Entered Level 5 of the Dungeon
  5998 | D:5      | Reached skill level 7 in Conjurations
  5998 | D:5      | Reached skill level 1 in Hexes
  6087 | D:5      | Reached XP level 8. HP: 58/58 MP: 6/16
  6269 | D:5      | Found a staircase to the Ecumenical Temple.
  6309 | Temple   | Entered the Ecumenical Temple
  6317 | Temple   | Became a worshipper of Sif Muna the Loreminder
  6974 | D:6      | Noticed Duvessa
  6974 | D:6      | Noticed Dowan
  7141 | D:6      | Killed Duvessa
  7155 | D:6      | Killed Dowan
  7332 | D:6      | Reached * piety under Sif Muna
  7447 | D:6      | Reached skill level 8 in Conjurations
  8296 | D:7      | Found Ned Zuki's Book Shop.
  8330 | D:7      | Reached skill level 1 in Fighting
  8330 | D:7      | Reached XP level 9. HP: 60/64 MP: 15/19
  8662 | D:7      | Reached ** piety under Sif Muna
  8919 | D:7      | Reached skill level 9 in Conjurations
  9091 | D:7      | Noticed a two-headed ogre
  9108 | D:7      | Killed a two-headed ogre
  9288 | D:7      | Noticed an unseen horror
  9294 | D:7      | Killed an unseen horror
  9295 | D:7      | Reached skill level 10 in Conjurations
  9295 | D:7      | Reached XP level 10. HP: 63/71 MP: 15/22
  9886 | D:8      | Noticed Maurice
  9895 | D:8      | Killed Maurice
  9962 | D:8      | Reached *** piety under Sif Muna
 10128 | D:8      | Found a staircase to the Lair.
 11086 | D:9      | Found a staircase to the Orcish Mines.
 11103 | D:9      | Learned a level 1 spell: Foxfire
 11109 | D:9      | Learned a level 5 spell: Fireball
 11880 | D:10     | Entered Level 10 of the Dungeon
 11969 | D:10     | Noticed a gargoyle
 11978 | D:10     | Killed a gargoyle
 11979 | D:10     | Reached skill level 11 in Conjurations
 11979 | D:10     | Reached skill level 1 in Fire Magic
 12500 | D:10     | Reached XP level 11. HP: 80/80 MP: 24/24
 12577 | D:10     | Reached **** piety under Sif Muna
 13014 | D:8      | Noticed a two-headed ogre
 13250 | D:9      | Killed a two-headed ogre
 13251 | D:9      | Reached skill level 10 in Spellcasting
 13476 | D:8      | Slain by a manticore

Illustrated notes

Levels and vault maps discovered:
D:1:      dpeg_arrival_refuge, layout_loops_ring
D:2:      layout_rooms
D:3:      layout_rooms, chequers_ecumenical_altar_grove, uniq_sigmund
D:4:      layout_layer_cave, minmay_overflow_temple_hex, trog_book
D:5:      layout_gridville, minmay_temple_entry_stoned_glass,
          chequers_mini_garden
D:6:      layout_rooms, uniq_duvessa
D:7:      minmay_chambers_of_sixes, layout_basic, kennysheep_small_circle
D:8:      minmay_klotski, layout_basic, lair_entry_dummy, uniq_maurice
D:9:      layout_stronghold, david_orc_3, lemuel_old_faithful
D:10:     layout_cave_pools
Temple:   eino_temple_rhombus

Skill      XL: |  1  2  3  4  5  6  7  8  9 10 11 |
---------------+----------------------------------+-----
Conjurations   | 5 6 7 8 10 11 | 11.2
Dodging        | 2 3 4 |  4.1
Maces & Flails | 1 2 3 |  3.3
Spellcasting   | 3 4 5 6 8 9 10 | 10.0
Stealth        | 2 3 |  3.3
Hexes          | 1 2 3 4 |  4.2
Fighting       | 1 2 |  2.4
Fire Magic     | 2 3 |  3.4
Shields        | |  0.4

Action                   |  1- 3 |  4- 6 |  7- 9 | 10-12 || total
-------------------------+-------+-------+-------+-------++-------
Melee: Whip              |    38 |    11 |    33 |    16 ||    98
       Tailslap          |     2 |     1 |     4 |       ||     7
 Cast: Magic Dart        |    65 |    80 |   197 |    69 ||   411
       Searing Ray       |     2 |     9 |    45 |    43 ||    99
       Dazzling Flash    |       |       |     5 |     2 ||     7
       Foxfire           |       |       |       |   105 ||   105
 Abil: Breathe Noxious F |       |       |    13 |     6 ||    19
  Use: Scroll            |     5 |     4 |     7 |     6 ||    22
       Potion            |       |     1 |       |     1 ||     2
 Stab: Confused          |       |       |     1 |       ||     1
Armor: Skin              |    16 |     2 |    25 |    16 ||    59
Dodge: Dodged            |    39 |    21 |    81 |    82 ||   223
Block: Buckler           |       |       |       |    16 ||    16
